 Dungeon Sprint DCSS version 0.20.1-1-g8b1a95d (webtiles) character file.

16452 wojtek the Shatterer (level 12, -2/123 (124) HPs)
             Began as a Minotaur Fighter on Dec 30, 2017.
             Was a High Priest of Trog.
             Slain by the 27-headed Lernaean hydra (3 damage)
             ... in the Dungeon (Sprint I: "Red Sonja").
             The game lasted 00:15:06 (4330 turns).

wojtek the Shatterer (Minotaur Fighter)             Turns: 4330, Time: 00:15:07

HP:   -2/123 (124)  AC: 19    Str: 22    XL:     12   Next: 10%
MP:   8/8           EV: 12    Int:  1    God:    Trog [*****.]
Gold: 205           SH:  0    Dex: 10    Spells: 11/11 levels left

rFire    . . .     SeeInvis .   o - +2 dire flail (protect)
rCold    + . .     Gourm    .   (shield currently unavailable)
rNeg     . . .     Faith    .   v - +2 plate armour {rPois}
rPois    +         Spirit   .   (helmet restricted)
rElec    .         Reflect  .   (no cloak)
rCorr    .         Harm     .   (no gloves)
MR       .....     NoTele   +   (no boots)
Stlth    ..........             (no amulet)
Regen    0.0/turn               s - ring of flight
MPRegen  0.2/turn               u - ring of protection from cold

@: no status effects
A: retaliatory headbutt, horns 2, blurry vision 1, deterioration 2, dopey 2, low
mp 2, inhibited regeneration, weak 2, no potion heal 1, subdued magic 1
a: Berserk, Trog's Hand, Brothers in Arms, Burn Spellbooks, Renounce Religion,
Evoke Flight


You were in the Dungeon.
You worshipped Trog.
Trog was extremely pleased with you.
You were not hungry.

You visited 1 branch You collected 2676 gold pieces.
You spent 2471 gold pieces at shops.

Inventory:

Hand Weapons
 a - a +0 flail
 m - a +0 great mace of protection
 o - a +2 dire flail of protection (weapon)
 y - a +2 antimagic morningstar
 z - a +2 eveningstar of holy wrath
Armour
 c - a +0 shield
 p - a +3 plate armour of positive energy
 t - a +2 shield of reflection
 v - a +2 plate armour of poison resistance (worn)
 x - +1 fire dragon scales
Jewellery
 s - a ring of flight (left hand)
 u - a ring of protection from cold (right hand)
Wands
 n - a wand of random effects (0/48)
Scrolls
 b - a scroll of enchant weapon
 k - a scroll of blinking
 r - 3 scrolls of identify
 w - a scroll of remove curse {unknown}
Potions
 d - 3 potions of might
 e - 3 potions of curing
 g - a potion of heal wounds
 h - a potion of haste
 i - 2 potions of magic
 j - a potion of berserk rage
 l - 2 potions of mutation {unknown}
Miscellaneous
 q - a lightning rod (4/4)
Comestibles
 f - 4 bread rations


   Skills:
 + Level 16.4 Fighting
 * Level 21.7 Maces & Flails
 + Level 16.4 Armour
 + Level 13.7 Dodging
 - Level 6.0 Shields


You had 11 spell levels left.
You didn't know any spells.

Dungeon Overview and Level Annotations

Branches:
Dungeon (1/1)

Altars:
Cheibriados
Dithmenos
Elyvilon
Fedhas
Gozag
Hepliaklqana
Kikubaaqudgha
Makhleb
Nemelex Xobeh
Okawaru
Qazlal
Ru
Sif Muna
Trog
Uskayaw
Vehumet
Xom
Yredelemnul
Zin
The Shining One
Jiyva
Lugonu

Shops:
D **[(*[[:([***%%?=[?[[

Annotations:
D Lernaean hydra


Innate Abilities, Weirdness & Mutations

You reflexively headbutt those who attack you in melee.
You have a pair of horns on your head.
Scrolls take you a little longer to read.
Your body often deteriorates upon taking damage.
You are very dopey. (Int -4)
Your magical capacity is very low. (-20% MP)
You do not regenerate when monsters are visible.
You are very weak. (Str -4)
Potions are less effective at restoring your health.
Your spells are a little easier to cast, but a little less powerful.


Message History

Unknown command.
Unknown command.
Unknown command.
You swap places.
Your two-headed ogre hits the 27-headed Lernaean hydra with a giant club!! x2
The 27-headed Lernaean hydra bites you.
* * * LOW HITPOINT WARNING * * *
The 27-headed Lernaean hydra barely misses you.
The 27-headed Lernaean hydra bites you.
* * * LOW HITPOINT WARNING * * *
The 27-headed Lernaean hydra bites you but does no damage.
The 27-headed Lernaean hydra bites you!
* * * LOW HITPOINT WARNING * * *
The 27-headed Lernaean hydra bites you but does no damage.
The 27-headed Lernaean hydra barely misses you.
The 27-headed Lernaean hydra bites you but does no damage.
The 27-headed Lernaean hydra bites you!
* * * LOW HITPOINT WARNING * * *
The 27-headed Lernaean hydra bites you.
You die...

# ###..# #
+..# # ##'##
# #≈≈≈## #
#≈≈≈≈## #
#≈≈≈≈≈#
####≈≈≈≈#≈≈≈
#TD#'≈≈≈'≈≈.
#@O$##≈≈#≈≈≈
#$$$$######'
#$$$$#
######


You could see the 27-headed Lernaean hydra, a friendly iron troll (berserk) and
a friendly two-headed ogre (berserk).

Vanquished Creatures
  A mummy priest (D)
  2 centaur warriors (D)
  Sonja (D)
  2 unseen horrors (D)
  A deep troll (D)
  A lindwurm (D)
  8 shining eyes (D)
  2 oklob plants (D)
  2 kobold demonologists (D)
  4 demonic crawlers (D)
  A hellwing (D)
  2 hornets (D)
  A slime creature (D)
  Sigmund (D)
  2 redbacks (D)
  A yak (D)
  13 hogs (D)
  7 floating eyes (D)
  An ogre (D)
  7 necrophages (D)
  8 jellies (D)
  Ijyb (D)
  2 ballistomycetes (D)
71 creatures vanquished.

Vanquished Creatures (collateral kills)
  A deep elf annihilator (D)
  A hydra (D)
  2 merfolk sirens (D)
  3 hornets (D)
7 creatures vanquished.

Vanquished Creatures (others)
  A gargoyle (D)
  2 ballistomycete spores (D)
3 creatures vanquished.

Grand Total: 81 creatures vanquished

Notes
Turn   | Place    | Note
-------+----------+-------------------------------------------
     0 | D        | wojtek the Minotaur Fighter began the quest for the Orb.
     0 | D        | Reached XP level 1. HP: 19/19 MP: 0/0
     1 | D        | Noticed Ijyb
     6 | D        | Killed Ijyb
     6 | D        | Reached skill level 5 in Maces & Flails
     6 | D        | Reached skill level 5 in Armour
     6 | D        | Reached XP level 2. HP: 28/28 MP: 1/1
    12 | D        | Noticed an ogre
    19 | D        | Killed an ogre
    19 | D        | Reached skill level 8 in Maces & Flails
    19 | D        | Reached XP level 3. HP: 38/38 MP: 2/2
    19 | D        | Reached XP level 4. HP: 45/45 MP: 3/3
    30 | D        | Noticed Sigmund
    45 | D        | Killed Sigmund
    45 | D        | Reached skill level 10 in Maces & Flails
    45 | D        | Reached XP level 5. HP: 14/53 MP: 4/4
    45 | D        | Reached XP level 6. HP: 16/61 MP: 5/5
   269 | D        | Found a burning altar of Makhleb.
   269 | D        | Found a viscous altar of Jiyva.
   269 | D        | Found a shimmering altar of Xom.
   269 | D        | Found a corrupted altar of Lugonu.
   269 | D        | Noticed a slime creature
   278 | D        | Killed a slime creature
   278 | D        | Reached skill level 11 in Maces & Flails
   278 | D        | Reached skill level 5 in Shields
   481 | D        | Found a deep blue altar of Sif Muna.
   483 | D        | Found a radiant altar of Vehumet.
   507 | D        | Found Kasunorph's Antique Weapon Emporium.
   507 | D        | Found an ancient bone altar of Kikubaaqudgha.
   507 | D        | Found a hazy altar of Hepliaklqana.
   507 | D        | Found a stormy altar of Qazlal.
   507 | D        | Found a hide-covered altar of Uskayaw.
   507 | D        | Found a blossoming altar of Fedhas.
   507 | D        | Found a bloodstained altar of Trog.
   507 | D        | Found an iron altar of Okawaru.
   507 | D        | Found a basalt altar of Yredelemnul.
   507 | D        | Found a glowing golden altar of the Shining One.
   507 | D        | Found a snail-covered altar of Cheibriados.
   507 | D        | Found a sacrificial altar of Ru.
   507 | D        | Found a glowing silver altar of Zin.
   507 | D        | Found a shadowy altar of Dithmenos.
   507 | D        | Found a white marble altar of Elyvilon.
   507 | D        | Noticed a yak
   512 | D        | Killed a yak
   512 | D        | Reached skill level 12 in Maces & Flails
   512 | D        | Reached XP level 7. HP: 35/70 MP: 6/6
   513 | D        | Found an opulent altar of Gozag.
   516 | D        | Found a sparkling altar of Nemelex Xobeh.
   520 | D        | Became a worshipper of Trog the Wrathful
   522 | D        | Bought a glowing dire flail for 189 gold pieces
   687 | D        | Noticed a kobold demonologist
   688 | D        | Noticed a kobold demonologist
   695 | D        | Noticed a chaos spawn
   700 | D        | Noticed an orange demon
   702 | D        | Killed a kobold demonologist
   702 | D        | Reached * piety under Trog
   702 | D        | Reached skill level 10 in Fighting
   702 | D        | Reached skill level 13 in Maces & Flails
   702 | D        | Reached skill level 10 in Armour
   702 | D        | Reached skill level 5 in Dodging
   702 | D        | Reached XP level 8. HP: 79/79 MP: 7/7
   705 | D        | Killed a kobold demonologist
   705 | D        | Reached skill level 14 in Maces & Flails
   721 | D        | Noticed a centaur warrior
   732 | D        | Noticed a centaur warrior
   732 | D        | Killed a centaur warrior
   732 | D        | Reached ** piety under Trog
   732 | D        | Reached skill level 15 in Maces & Flails
   734 | D        | Noticed a hornet
   740 | D        | Killed a centaur warrior
   740 | D        | Reached XP level 9. HP: 36/90 MP: 8/8
   742 | D        | Reached skill level 16 in Maces & Flails
   954 | D        | Noticed a deep troll
   959 | D        | Killed a deep troll
   973 | D        | Found Ynem's Armour Emporium.
  1062 | D        | Noticed an oklob plant
  1070 | D        | Killed an oklob plant
  1070 | D        | Reached *** piety under Trog
  1152 | D        | Reached skill level 17 in Maces & Flails
  1157 | D        | Reached XP level 10. HP: 92/101 MP: 9/9
  1181 | D        | Reached **** piety under Trog
  1272 | D        | Killed an unseen horror
  1272 | D        | Reached ***** piety under Trog
  1272 | D        | Reached skill level 10 in Dodging
  1277 | D        | Killed an unseen horror
  1280 | D        | Reached skill level 18 in Maces & Flails
  1493 | D        | Received a gift from Trog
  1549 | D        | Found Ixadoid's Book Shoppe.
  1549 | D        | Found Zeupnim's Antique Armour Shop.
  1549 | D        | Found Kaduuguf's Antique Weapon Boutique.
  1551 | D        | Found Wanumesk's Armour Emporium.
  1551 | D        | Found Wiklem's General Store.
  1551 | D        | Found Lumoper's Assorted Antiques.
  1551 | D        | Found Xyopuvel's General Store.
  1551 | D        | Found Erphaw's Food Emporium.
  1551 | D        | Found Tonnelly's Food Shop.
  1551 | D        | Found Ragonk's Magic Scroll Shoppe.
  1556 | D        | Found Lumuohux's Jewellery Boutique.
  1557 | D        | Found Dybbili's Magic Scroll Emporium.
  1557 | D        | Found Fibry's Antique Armour Boutique.
  1558 | D        | Found Ziekucvumoi's Armour Emporium.
  1560 | D        | Bought a fruit for 16 gold pieces
  1564 | D        | Bought a scroll of identify for 24 gold pieces
  1564 | D        | Bought a scroll of identify for 24 gold pieces
  1565 | D        | Bought an uncursed ring of flight for 192 gold pieces
  1568 | D        | Bought a +2 shield of reflection for 203 gold pieces
  1570 | D        | Bought an uncursed ring of protection from cold for 275 gold pieces
  1572 | D        | Bought a bread ration for 50 gold pieces
  1572 | D        | Bought a bread ration for 50 gold pieces
  1609 | D        | Bought a +2 plate armour of poison resistance for 518 gold pieces
  1628 | D        | Noticed Sonja
  1661 | D        | Killed Sonja
  2169 | D        | Found Emizik's Assorted Antiques.
  2242 | D        | Received a gift from Trog
  2247 | D        | Reached skill level 19 in Maces & Flails
  2338 | D        | Noticed a lindwurm
  2342 | D        | Killed a lindwurm
  2342 | D        | Reached ****** piety under Trog
  2342 | D        | Received a gift from Trog
  2342 | D        | Reached XP level 11. HP: 77/110 MP: 10/10
  2412 | D        | Received a gift from Trog
  2443 | D        | Reached skill level 15 in Fighting
  2559 | D        | Noticed a 12-headed hydra
  2560 | D        | Killed a 13-headed hydra
  2560 | D        | Reached skill level 15 in Armour
  3061 | D        | Bought +1 fire dragon scales for 670 gold pieces
  3064 | D        | Bought a bread ration for 65 gold pieces
  3064 | D        | Bought a bread ration for 65 gold pieces
  3064 | D        | Bought a bread ration for 65 gold pieces
  3064 | D        | Bought a bread ration for 65 gold pieces
  3105 | D        | Noticed a shining eye
  3105 | D        | Noticed a shining eye
  3105 | D        | Noticed a shining eye
  3105 | D        | Gained mutation: Armour fits poorly on your strangely shaped body. [a shining eye]
  3107 | D        | Paralysed by a floating eye for 2 turns
  3113 | D        | Paralysed by a floating eye for 3 turns
  3117 | D        | Reached skill level 20 in Maces & Flails
  3124 | D        | Received a gift from Trog
  3134 | D        | Killed a shining eye
  3244 | D        | Killed a shining eye
  3346 | D        | Killed a shining eye
  3417 | D        | Noticed a shining eye
  3417 | D        | Noticed a shining eye
  3417 | D        | Noticed a shining eye
  3421 | D        | Gained mutation: Your spells are a little easier to cast, but a little less powerful. [a shining eye]
  3422 | D        | Gained mutation: Your magical capacity is low. (-10% MP) [a shining eye]
  3426 | D        | Gained mutation: Potions are less effective at restoring your health. [a shining eye]
  3428 | D        | Gained mutation: Your body sometimes deteriorates upon taking damage. [a shining eye]
  3429 | D        | Killed a shining eye
  3430 | D        | Gained mutation: You are weak. (Str -2) [a shining eye]
  3430 | D        | Gained mutation: You do not regenerate when monsters are visible. [a shining eye]
  3432 | D        | Gained mutation: Your body often deteriorates upon taking damage. [a shining eye]
  3433 | D        | Killed a shining eye
  3433 | D        | Received a gift from Trog
  3433 | D        | Gained mutation: You are very weak. (Str -4) [a shining eye]
  3438 | D        | Killed a shining eye
  3439 | D        | Noticed a shining eye
  3439 | D        | Noticed a shining eye
  3439 | D        | Lost mutation: Armour fits poorly on your strangely shaped body. [a shining eye]
  3440 | D        | Gained mutation: You are dopey. (Int -2) [a shining eye]
  3448 | D        | Paralysed by a floating eye for 2 turns
  3711 | D        | Gained mutation: Your magical capacity is very low. (-20% MP) [a shining eye]
  3714 | D        | Killed a shining eye
  3732 | D        | Found Tyrem's Assorted Antiques.
  3732 | D        | Found Tes Pakk's Assorted Antiques.
  3732 | D        | Found Nouhosee's Armour Emporium.
  3732 | D        | Found Ysuegax's Antique Armour Boutique.
  3771 | D        | Gained mutation: You are very dopey. (Int -4) [a shining eye]
  3774 | D        | Gained mutation: Scrolls take you a little longer to read. [a shining eye]
  3775 | D        | Killed a shining eye
  3775 | D        | Reached skill level 21 in Maces & Flails
  3816 | D        | Noticed a deep elf annihilator
  3843 | D        | Killed a deep elf annihilator
  3843 | D        | Reached XP level 12. HP: 21/121 MP: 8/8
  4183 | D        | Noticed a mummy priest
  4193 | D        | Killed a mummy priest
  4202 | D        | Received a gift from Trog
  4320 | D        | Noticed the 27-headed Lernaean hydra
  4330 | D        | HP: 1/123 [the 27-headed Lernaean hydra (8)]
  4330 | D        | Slain by the 27-headed Lernaean hydra

Skill      XL: |  1  2  3  4  5  6  7  8  9 10 11 |
---------------+----------------------------------+-----
Fighting       | 4 6 8 9 10 12 13 14 16 | 16.4
Maces & Flails | 5 8 10 12 13 15 17 19 21 | 21.7
Armour         | 5 6 8 9 10 12 14 16 | 16.4
Dodging        | 4 5 8 9 11 13 | 13.7
Shields        | 6 |  6.0

Action                   |  1- 3 |  4- 6 |  7- 9 | 10-12 || total
-------------------------+-------+-------+-------+-------++-------
Melee: Flail             |    10 |    29 |       |       ||    39
       Headbutt          |     1 |     3 |    10 |    52 ||    66
       Dire flail        |       |       |    44 |   237 ||   281
Invok: Brothers in Arms  |       |       |       |     8 ||     8
 Abil: Evoke Flight      |       |       |       |     1 ||     1
Evoke: Wand              |       |       |     2 |     4 ||     6
  Use: Scroll            |       |       |       |     1 ||     1
  Eat: Chunk             |       |       |     1 |       ||     1
       Bread ration      |       |       |       |     3 ||     3
       Fruit             |       |       |       |     1 ||     1
Armor: Scale mail        |     2 |     3 |    12 |    17 ||    34
       Plate armour      |       |       |       |   140 ||   140
Dodge: Dodged            |     3 |     2 |     7 |   106 ||   118
Block: Shield            |     4 |     2 |       |       ||     6
